 Dungeon Crawl Stone Soup version 0.28.0-45-g0d030f2227 (webtiles) character file.

Game seed: 7170955117118477400

1134 MisterFreud the Poker (level 8, -1/69 HPs)
             Began as a Naga Fighter on Apr 26, 2022.
             Slain by a gnoll
             ... wielding a +0 halberd
              (8 damage)
             ... on level 6 of the Dungeon.
             The game lasted 00:07:28 (4776 turns).

MisterFreud the Poker (Naga Fighter)                Turns: 4776, Time: 00:07:29

Health: -1/69      AC:  7    Str: 21    XL:     8   Next: 36%
Magic:  8/8        EV:  7    Int:  9    God:
Gold:   427        SH:  0    Dex: 10    Spells: 7/7 levels left

rFire   + . .      SeeInvis +   f - +3 lajatang (venom)
rCold   . . .      Faith    .   (shield currently unavailable)
rNeg    . . .      Spirit   .   b - +0 scale mail
rPois   +          Reflect  .   j - +0 helmet
rElec   .          Harm     .   (no cloak)
rCorr   .          Rampage  .   (no gloves)
Will    +....                   (no barding)
Stlth   ..........              (no amulet)
HPRegen 0.21/turn               e - ring of protection from fire
MPRegen 0.11/turn               (no ring)

@: mighty, hasted, quick
A: AC +2, large, see invisible, deformed body, poison resistance, slowness 2,
spit poison 1, naga tail 1
a: Spit Poison


You were on level 6 of the Dungeon.
You visited 1 branch of the dungeon, and saw 6 of its levels.

You collected 817 gold pieces.
You spent 390 gold pieces at shops.

Inventory:

Hand Weapons
 a - a +0 trident
 f - a +3 lajatang of venom (weapon)
 h - a +2 vorpal trident
Missiles
 o - 6 boomerangs
Armour
 b - a +0 scale mail (worn)
 j - a +0 helmet (worn)
Jewellery
 e - a ring of protection from fire (left hand)
 v - a +6 ring of strength
Wands
 g - a wand of flame (23)
Scrolls
 c - a scroll of amnesia {unknown}
 l - a scroll of blinking {unknown}
 n - a scroll of teleportation {unknown}
 q - a scroll of silence {unknown}
 r - a scroll of enchant weapon {unknown}
Potions
 i - a potion of degeneration {unknown}
 m - a potion of flight
 p - 2 potions of curing
 s - a potion of cancellation
 u - a potion of magic {unknown}
 w - a potion of brilliance


   Skills:
 - Level 3.0 Fighting
 - Level 7.1(8.3) Polearms
 + Level 6.6(8.1) Staves
 - Level 2.4 Armour
 - Level 2.4 Shields


You had 7 spell levels left.
You didn't know any spells.
Your spell library contained the following spells:

 Spells                   Type           Power      Damage    Failure   Level
 Dispersal                Tloc           0%         N/A       100%        6
 Disjunction              Tloc           0%         N/A       100%        8


Dungeon Overview and Level Annotations

Branches:
Dungeon (6/15)
 Temple: D:4-7

Altars:
Cheibriados
Makhleb

Shops:
D:3 *   D:4 [   D:5 (


Innate Abilities, Weirdness & Mutations

Your serpentine skin is tough. (AC +2)
You have supernaturally acute eyesight. (SInv)
Armour fits poorly on your strangely shaped body.
Your system is resistant to poisons. (rPois)
You cover ground very slowly.
You can spit poison.
You have a snake-like lower body.


Message History

Unknown command.
You slash the gnoll!
You kill the gnoll!
Unknown command.
Unknown command.
Unknown command.
Aiming: Throw Flame
Press: ? - help, Shift-Dir - straight line, f - Dowan
Aim: Dowan, wielding a +0 dagger and wearing a +0 robe (fast, 56% to hit)
The puff of flame hits Dowan!
Dowan is moderately wounded.
Dowan gestures wildly while chanting.
Dowan blinks!
A gnoll comes into view. It is wielding a +0 halberd.
You slash the gnoll shaman!
The gnoll shaman looks as sick as possible!
The gnoll shaman is severely wounded.
The gnoll shaman barely misses you.
You miss Dowan.
Dowan is moderately wounded.
You kill the gnoll shaman!
Dowan says, "Her death will not be in vain!"
Dowan barely misses you.
The gnoll hits you from afar with a +0 spear.
* * * LOW HITPOINT WARNING * * *
You slash Dowan!
Dowan is poisoned.
Dowan is severely wounded.
Dowan hits you with a +0 dagger.
* * * LOW HITPOINT WARNING * * *
The gnoll hits you but does no damage.
You slash Dowan!
You kill Dowan!
The gnoll hits you with a +0 spear.
* * * LOW HITPOINT WARNING * * *
The gnoll hits you but does no damage.
Items here: ( )) [ ††.
You slash the gnoll!
You kill the gnoll!
The gnoll hits you from afar with a +0 halberd!
You die...

#############
.......<....##
.#########..g#######
........gg)@))..#
#######..g#####!#
##.## #.# #.# #.#
#.# ### #.# #.# #.#


You could see 4 gnolls.

Vanquished Creatures
  Eustachio (D:6)
  Duvessa (D:6)
  A black bear (D:6)
  An ogre (D:5)
  A water moccasin zombie (D:5)
  A scorpion (D:5)
  Dowan (D:6)
  A water moccasin skeleton (D:5)
  A bullfrog zombie (D:5)
  A centaur zombie (D:5)
  A gnoll shaman (D:6)
  2 hounds
  A jelly (D:6)
  An iron imp (D:4)
  Terence (D:2)
  An iguana (D:4)
  2 orc wizards (D:5)
  A hound skeleton (D:4)
  6 gnolls
  3 adders
  An ufetubus (D:5)
  2 adder skeletons (D:4)
  2 worms
  A dart slug (D:2)
  15 orcs
  5 endoplasms
  A giant cockroach (D:4)
  4 goblins
  11 hobgoblins
  6 jackals
  4 kobolds
  3 quokkas
  6 ball pythons
  4 bats
  A frilled lizard (D:1)
  8 rats
103 creatures vanquished.

Notes
Turn   | Place    | Note
-------+----------+-------------------------------------------
     0 | D:1      | MisterFreud the Naga Fighter began the quest for the Orb.
     0 | D:1      | Reached XP level 1. HP: 21/21 MP: 1/1
   174 | D:1      | Reached XP level 2. HP: 28/28 MP: 2/2
   226 | D:1      | Found a faded altar of an unknown god.
   258 | D:1      | Reached skill level 3 in Polearms
   845 | D:1      | Reached XP level 3. HP: 28/34 MP: 3/3
  1331 | D:2      | Noticed Terence
  1336 | D:2      | Killed Terence
  1337 | D:2      | Reached skill level 4 in Polearms
  1393 | D:2      | Reached XP level 4. HP: 42/42 MP: 4/4
  1676 | D:2      | Found a burning altar of Makhleb.
  1961 | D:3      | You fall into a shaft and drop 2 floors!
  1961 | D:5      | Entered Level 5 of the Dungeon
  1970 | D:5      | Reached skill level 5 in Polearms
  1972 | D:5      | Reached XP level 5. HP: 49/49 MP: 5/5
  2032 | D:5      | Reached skill level 6 in Polearms
  2032 | D:5      | Reached XP level 6. HP: 14/56 MP: 6/6
  2349 | D:5      | Found Janol's Antique Weapon Boutique.
  2488 | D:5      | Reached skill level 7 in Polearms
  2492 | D:5      | HP: 1/56 [orc/+0 mace (7)]
  2801 | D:5      | Identified a scroll of acquirement
  2801 | D:5      | Acquired 614 gold pieces
  2819 | D:5      | Bought a glowing lajatang for 360 gold pieces
  2858 | D:5      | Reached XP level 7. HP: 25/62 MP: 7/7
  3197 | D:4      | Found Cogugep's Armour Shop.
  3229 | D:3      | Found Gustro's General Store.
  3235 | D:3      | Bought a potion of curing for 30 gold pieces
  4018 | D:4      | Found a snail-covered altar of Cheibriados.
  4736 | D:6      | Noticed Eustachio
  4741 | D:6      | Noticed Duvessa
  4742 | D:6      | Noticed Dowan
  4749 | D:6      | Killed Eustachio
  4750 | D:6      | Reached skill level 5 in Staves
  4755 | D:6      | Reached XP level 8. HP: 26/69 MP: 8/8
  4762 | D:6      | Killed Duvessa
  4774 | D:6      | Killed Dowan
  4776 | D:6      | Slain by a gnoll

Illustrated notes

Levels and vault maps discovered:
D:1:      dpeg_arrival_connections, layout_basic,
          shapermc_ecumenical_altar_flowoftime
D:2:      layout_loops_ring, basic_altar, uniq_terence
D:3:      layout_basic, serial_shops, shop
D:4:      layout_basic, slow_altar_2, serial_shops, nicolae_shop_stone,
          minmay_misc_feat_chi, chequers_serial_rivers_small_b
D:5:      layout_rooms, serial_shops, shop
D:6:      layout_loops_ring, minmay_temple_entry_grid, roderic_roman_lattice,
          dk_vineyard_2, uniq_duvessa, uniq_eustachio

Skill      XL: |  1  2  3  4  5  6  7  8 |
---------------+-------------------------+-----
Polearms       | 3 4 5 6 7 |  7.1
Staves         | 2 5 6 |  6.6
Fighting       | |  3.0
Armour         | |  2.4
Shields        | |  2.4

Action                   |  1- 3 |  4- 6 |  7- 9 || total
-------------------------+-------+-------+-------++-------
Melee: Trident           |    69 |   114 |       ||   183
       Lajatang          |       |     2 |    79 ||    81
 Abil: Spit Poison       |    19 |    22 |    17 ||    58
Evoke: Wand              |       |       |     2 ||     2
  Use: Scroll            |       |     2 |     6 ||     8
       Potion            |       |     2 |     3 ||     5
Armor: Scale mail        |    28 |    88 |    32 ||   148
Dodge: Dodged            |    14 |    48 |    28 ||    90
Block: Buckler           |    11 |    30 |       ||    41
